AoeStats
← AGE OF AI

Arena

509459027Analyzed
4v4 RM · 6d ago on Sep 26, 2026· 55m 30s· 8 players
Game mode
Random Map
Map size
Large (8 player)
Population
200
Speed
Normal
Resources
Standard
Victory
Conquest
Starting age
Dark Age
Ending age
Imperial Age
RankedLock teamsTeams togetherTeam positionsShared explorationLock speedFull tech treeHidden civsTurbo modeCheats
Victory
Defeat
🇹🇷 Koreans · Türkiye
1218
+8
🇹🇷 Goths · Türkiye
1077
+14
🇹🇷 Turks · Türkiye
1059
+14
🇹🇷 Saxons · Türkiye
972
+19
🇳🇱 Persians · Netherlands
1035
-14
🇳🇱 Bengalis · Netherlands
1033
-14
🇳🇱 Spanish · Netherlands
1030
-14
🇹🇷 Celts · Türkiye
1012
-13
julian
10:33 Feudal Age
9:53 Loom
11:16 Double-Bit Axe
14:33 Castle Age
17:14 Bow Saw
16:46 Horse Collar
22:02 Heavy Plow
23:16 Gold Mining
24:33 Wheelbarrow
25:05 Gold Shaft Mining
25:53 Stone Mining
30:16 Imperial Age
28:44 Scale Barding Armor
31:07 Forging
31:37 Cavalier
32:28 Bloodlines
32:18 Husbandry
33:34 Conscription
33:37 Chain Barding Armor
33:53 Iron Casting
35:22 Savar
37:05 Blast Furnace
37:34 Plate Barding Armor
39:19 Devotion
48:32 Padded Archer Armor
48:43 Thumb Ring
50:47 Chemistry
AGE OF AI
1:45 Loom
10:48 Feudal Age
11:50 Double-Bit Axe
16:34 Castle Age
19:35 Stone Mining
42:27 Fletching
44:08 Bodkin Arrow
44:14 Padded Archer Armor
46:13 Gold Mining
47:21 Leather Archer Armor
48:52 Wheelbarrow
Ryu
10:25 Loom
12:10 Feudal Age
16:41 Castle Age
14:35 Double-Bit Axe
14:33 Horse Collar
14:46 Gold Mining
16:54 Stone Mining
17:55 Fletching
18:12 Padded Archer Armor
18:52 Wheelbarrow
21:18 Bow Saw
26:14 Forging
26:13 Scale Barding Armor
28:26 Iron Casting
31:57 Bodkin Arrow
32:54 Ballistics
33:32 Bloodlines
33:24 Husbandry
33:48 Chain Barding Armor
37:05 Imperial Age
38:55 Chemistry
37:24 Cavalier
38:53 Elite Conquistador
48:12 Bracer
48:27 Leather Archer Armor
49:16 Blast Furnace
48:52 Plate Barding Armor
48:17 Town Watch
Jack Sparrow
0:54 Loom
1:59 Loom
12:29 Feudal Age
16:47 Castle Age
15:11 Forging
15:02 Scale Mail Armor
14:59 Fletching
16:16 Double-Bit Axe
24:03 Wheelbarrow
27:05 Imperial Age
25:42 Fortified Wall
31:57 Bow Saw
32:54 Elite Skirmisher
34:22 Bodkin Arrow
34:28 Padded Archer Armor
35:36 Ballistics
36:58 Leather Archer Armor
Crucio
10:29 Feudal Age
11:10 Double-Bit Axe
14:20 Castle Age
12:55 Scale Mail Armor
15:01 Forging
30:08 Horse Collar
33:41 Wheelbarrow
33:40 Heavy Plow
33:52 Bow Saw
34:59 Hand Cart
34:31 Town Watch
34:40 Stone Mining
37:32 Stone Shaft Mining
38:21 Fletching
40:05 Caravan
43:05 Imperial Age
40:59 Bodkin Arrow
40:59 Gold Mining
41:32 Ballistics
42:48 Gold Shaft Mining
44:56 Chemistry
44:45 Husbandry
44:52 Thumb Ring
44:54 Bracer
45:28 Shinkichon
47:17 Two-Man Saw
47:42 Siege Engineers
47:19 Elite War Wagon
51:09 Elite Skirmisher
FİCİGETO
11:14 Feudal Age
13:06 Gold Mining
13:05 Double-Bit Axe
13:13 Horse Collar
15:56 Castle Age
13:38 Horse Collar
17:27 Wheelbarrow
17:09 Bow Saw
24:24 Wheelbarrow
23:55 Heavy Plow
23:48 Stone Mining
25:29 Hand Cart
27:15 Forging
27:06 Scale Mail Armor
29:33 Iron Casting
29:13 Chain Mail Armor
29:46 Stone Shaft Mining
31:52 Imperial Age
30:12 Squires
29:32 Man-at-Arms
31:24 Long Swordsman
31:25 Pikeman
33:33 Blast Furnace
32:12 Two-Handed Swordsman
32:12 Halberdier
33:15 Conscription
33:10 Champion
35:29 Perfusion
37:26 Crop Rotation
38:01 Two-Man Saw
ertk
11:32 Feudal Age
15:38 Castle Age
14:20 Horse Collar
15:30 Loom
22:47 Imperial Age
25:24 Padded Archer Armor
25:14 Fletching
29:47 Double-Bit Axe
36:19 Leather Archer Armor
37:03 Scale Barding Armor
36:58 Scale Mail Armor
38:21 Caravan
40:31 Bloodlines
39:42 Heavy Camel Rider
41:56 Husbandry
43:56 Gold Mining
44:55 Chain Barding Armor
44:51 Chain Mail Armor
44:47 Forging
45:33 Fortified Wall
45:45 Ballistics
45:44 Heavy Plow
47:37 Gold Shaft Mining
46:53 Stone Mining
51:36 Bombard Tower
54:33 Guard Tower
54:53 Masonry
54:25 Treadmill Crane
Finn The Human
10:10 Feudal Age
14:44 Castle Age
13:11 Double-Bit Axe
17:21 Horse Collar
19:38 Squires
19:39 Scale Mail Armor
19:50 Forging
20:29 Bow Saw
25:49 Gambesons
26:51 Squires
26:50 Arson
27:09 Pikeman
29:05 Heavy Plow
29:32 Sanctity
30:20 Gold Mining
30:22 Stone Mining
33:15 Gold Shaft Mining
33:02 Loom
33:52 Wheelbarrow
33:03 Town Watch
37:37 Imperial Age
35:16 Clerical Recruitment
36:46 Chain Mail Armor
37:49 Hand Cart
37:35 Town Patrol
38:48 Elite Varangian Guard
40:07 Plate Mail Armor
40:12 Iron Casting
40:07 Illumination
42:38 Fletching
43:32 Scale Barding Armor
45:35 Pikeman
48:17 Halberdier
51:55 Block Printing
53:32 Conscription
53:05 Shield Wall
55:07 Bodkin Arrow
Connection lost

Rejoining the realm…

Still unreachable

The connection could not be restored.

Session expired

The server has moved on; the page needs a fresh start.